Map: Luci e ombre LE

Players

I.A. 2 (Molto facile) - Winner!

  • Race: Zerg Zerg
  • Spawn Location: 11:00

SCSǂWarf

  • Race: Terran Terran
  • League: Diamond
  • Spawn Location: 5:00

VOD

Have the link to the VOD?

Description

Time

  • Played on: March 8, 2021, 2:50 p.m.
  • Length: 8:58
Show
View Real Time Build Order
Export as new Build Order

I.A. 2 (Molto facile) Zerg - Winner!

Build Orders: Pool First 

Get SALT Encoding   

  12  0:00  Drone  
  13  0:12  Overlord  
  13  0:16  Drone  
  14  0:34  Spawning Pool  
  13  0:37  Drone  
  13  0:40  Extractor  
  13  0:44  Drone  
  14  0:52  Overlord  
  14  1:22  Queen, Zergling x2  
  17  1:30  Roach Warren  
  16  1:33  Drone  
  16  1:37  Extractor  
  16  1:41  Drone  
  17  1:48  Zergling x2  
  18  2:00  Drone  
  19  2:07  Drone  
  20  2:14  Zergling x2  
  21  2:16  Drone  
  22  2:26  Overlord  
  22  2:31  Drone  
  23  2:38  Drone  
  23  2:41  Roach  
  26  2:46  Drone  
  27  6:16  Drone  
  27  6:23  Zergling x2, Drone  
  24  6:30  Drone  
  24  6:38  Drone  
  24  6:39  Queen  
  25  6:45  Drone  
  22  6:50  Zergling x2  
  22  6:52  Drone  
  19  6:59  Drone  
  13  7:07  Drone  
  10  7:14  Drone  
  5  7:15  Lair  
  5  7:18  Roach  
  5  7:21  Drone  
  6  7:28  Drone  
  7  7:35  Drone  
  8  7:43  Drone  
  9  7:50  Roach Warren, Drone  
  9  7:57  Drone  
  10  8:04  Drone  
  11  8:08  Zergling x2  
  11  8:11  Drone  
  13  8:14  Overseer x2  
  13  8:17  Hatchery  
  11  8:32  Hatchery  
  9  8:35  Drone  
  9  8:36  Zergling x2  
  9  8:40  Hatchery  
Show
View Real Time Build Order
Export as new Build Order

SCSǂWarf Terran 

Build Orders: Reaper Expand, Hellion Banshee 

Get SALT Encoding   

  12  0:02  SCV  
  13  0:14  SCV  
  14  0:17  Supply Depot  
  14  0:26  SCV  
  15  0:39  Barracks  
  15  0:41  Refinery  
  15  0:44  SCV  
  16  0:56  SCV  
  18  1:11  SCV  
  18  1:23  SCV  
  19  1:26  Reaper  
  20  1:36  Orbital Command  
  20  1:44  Command Center  
  20  1:55  Supply Depot  
  20  2:01  Marine  
  21  2:04  SCV  
  22  2:19  Refinery  
  22  2:20  Factory  
  22  2:24  SCV  
  22  2:26  Barracks Reactor  
  23  2:36  SCV  
  24  2:49  SCV  
  25  2:55  Orbital Command  
  25  2:58  Supply Depot  
  25  3:01  SCV  
  25  3:05  Starport  
  26  3:14  SCV  
  26  3:15  Hellion  
  26  3:17  Barracks Tech Lab, Hellion  
  31  3:25  Supply Depot  
  31  3:26  SCV  
  32  3:28  SCV  
  33  3:38  Hellion  
  35  3:46  SCV  
  35  3:47  Hellion  
  38  3:49  Cloaking Field, Banshee  
  38  3:50  SCV  
  38  3:54  Barracks Tech Lab  
  42  3:58  SCV  
  42  4:00  Hellion  
  45  4:08  Hellion  
  47  4:10  SCV  
  47  4:16  Marine  
  50  4:19  Stimpack  
  50  4:21  Hellion  
  51  4:28  SCV  
  51  4:30  Hellion  
  54  4:32  Banshee  
  54  4:34  Marine  
  54  4:36  SCV  
  59  4:42  Command Center  
  59  4:46  Refinery  
  59  4:47  Refinery  
  59  4:56  SCV  
  59  4:57  Engineering Bay x2  
  60  5:07  Marine  
  61  5:15  Barracks  
  61  5:17  Barracks  
  61  5:20  SCV  
  62  5:34  Supply Depot  
  62  5:53  SCV, Marine  
  62  5:54  SCV  
  65  5:58  Factory  
  65  6:06  SCV x2  
  67  6:18  SCV  
  68  6:40  Barracks Reactor x2  
  68  6:41  Factory Tech Lab  
  68  7:02  Combat Shield  
  68  7:29  Barracks  
  68  7:31  Barracks  
  68  7:34  Barracks  
Tags
 
Add a new tag
Caveats
  • Supply blocks, unpowered buildings, or Contaminate may cause inaccurate times.
  • Supply counts are checked every 10 seconds.